 Dungeon Crawl Stone Soup version 0.14.0-20-g75a2fc2 (webtiles) character file.

229 CrazyArbalest the Bolt Thrower (level 5, 0/37 HPs)
             Began as a Demonspawn Hunter on Apr 20, 2014.
             Succumbed to poison (curare-tipped needle)
             ... while paralysed by a potion of paralysis
             ... on Level 3 of the Dungeon.
             The game lasted 00:05:21 (1541 turns).

CrazyArbalest the Bolt Thrower (Demonspawn Hunter)  Turns: 1541, Time: 00:05:21

HP   0/37        AC  5     Str 14      XL: 5   Next: 31%
MP  14/14        EV  5     Int 12      God:
Gold 52          SH  0     Dex 13      Spells:  0 memorised,  4 levels left

rFire  . . .     SeeInvis .     b - +1 crossbow
rCold  . . .     Clarity  .     y - +0 ring mail (curse)
rNeg   . . .     Conserve .     (no shield)
rPois  .         rCorr    .     (no helmet)
rElec  .         rRot     .     (no cloak)
SustAb . .       Spirit   .     (no gloves)
rMut   .         Warding  .     (no boots)
Saprov . . .     Stasis   .     (no amulet)
MR     .....                    n - ring of wizardry
                                e - ring of magical power

@: paralysed, short of breath, lethally poisoned, slowed, not resistant to
hostile enchantments, very unstealthy
A: repulsion field 2
a: no special abilities


You were on level 3 of the Dungeon.
You were not hungry.

You visited 1 branch of the dungeon, and saw 3 of its levels.

You collected 52 gold pieces.

Inventory:

Hand weapons
 a - a +0,+0 short sword
 b - a +1,+1 crossbow (weapon)
Missiles
 c - 16 bolts
 q - 8 steel bolts (quivered)
 r - 12 bolts of penetration
Armour
 d - a +0 leather armour
 o - a +0 ring mail
 y - a cursed +0 ring mail (worn)
 z - a +0 ring mail
Comestibles
 f - 2 bread rations
 g - 3 rotting chunks of hobgoblin flesh
 x - a rotting chunk of giant newt flesh
 A - a chunk of bat flesh
 C - a rotting chunk of adder flesh
 E - a meat ration
Scrolls
 h - 2 scrolls of identify {unknown}
 k - 6 scrolls of teleportation {unknown}
 l - a scroll of enchant armour {unknown}
 m - 2 scrolls of remove curse {unknown}
 s - a scroll of fog {unknown}
 t - 2 scrolls of fear {unknown}
 w - a scroll of random uselessness {unknown}
Jewellery
 e - a ring of magical power (left hand)
 n - a ring of wizardry (right hand)
Potions
 j - a potion of heal wounds {unknown}
 p - a potion of confusion {unknown}
 u - a potion of haste {unknown}
 v - a potion of resistance {unknown}
 D - a potion of restore abilities {unknown}


   Skills:
 + Level 1.0 Fighting
 + Level 5.6 Crossbows
 + Level 1.0 Armour
 + Level 2.4 Dodging
 + Level 1.0 Stealth


You had 4 spell levels left.
You didn't know any spells.

Dungeon Overview and Level Annotations

Branches:
Dungeon (3/15)

Altars:


Innate Abilities, Weirdness & Mutations

You are surrounded by a moderate repulsion field (EV +3).


Message History

The curare-tipped needle hits you!
You are more poisoned.
You have difficulty breathing.
You feel as though you will be slow longer.
The kobold shoots a curare-tipped needle.
The curare-tipped needle hits you!
You are more poisoned.
You have difficulty breathing.
* * * LOW HITPOINT WARNING * * *
You feel as though you will be slow longer.
Firing (i - inventory. (,) - cycle):
q - 9 steel bolts (quivered)
Press: ? - help, Shift-Dir - straight line, f/p - kobold
Aim: a kobold, wielding a blowgun You shoot a steel bolt.
The steel bolt hits the kobold.
You kill the kobold!
* * * LOW HITPOINT WARNING * * *
You feel very sick.
Drink which item? (? for menu, Esc to quit)
You suddenly lose the ability to move!
It was a potion of paralysis.
You die...

#.# ### #.# #..) #.# #..
####### #.# #.. ......# #.#
#.. ......# #.#
#.#############
......###.######.##..........#
......#.......##.##..........#
....%....)....##@##..........#
.............................#
.................##..........#
......#.......##.##..........#
......##########.##..........#
...(..# #...)[.###########
####### #......## #...)...#
#.......#


There were no monsters in sight!

Vanquished Creatures
  The ghost of cedor the Stinger, an average NaVM (D:3)
  2 adders
  A giant eyeball (D:3)
  A giant gecko (D:1)
  2 oozes
  An orc (D:3)
  5 giant cockroaches
  11 goblins
  8 hobgoblins
  2 quokkas (D:3)
  5 bats
  A giant newt (D:3)
  11 kobolds
  6 rats
57 creatures vanquished.

Notes
Turn   | Place    | Note
--------------------------------------------------------------
     0 | D:1      | CrazyArbalest, the Demonspawn Hunter, began the quest for the Orb.
     0 | D:1      | Reached XP level 1. HP: 15/15 MP: 1/1
     2 | D:1      | Noticed Vohoulot the pandemonium lord
     6 | D:1      | Noticed an Executioner
     8 | D:1      | Noticed an iron devil
    96 | D:1      | Reached skill level 4 in Crossbows
    96 | D:1      | Gained mutation: You are surrounded by a mild repulsion field (EV +2). [demonic ancestry]
    96 | D:1      | Reached XP level 2. HP: 21/21 MP: 2/2
   397 | D:1      | Noticed a hell beast
   399 | D:1      | Noticed a sun demon
   507 | D:2      | Reached XP level 3. HP: 26/26 MP: 3/3
   671 | D:2      | Reached skill level 1 in Stealth
  1164 | D:3      | Noticed cedor's ghost (average NaVM)
  1185 | D:3      | Killed cedor's ghost
  1185 | D:3      | Reached skill level 5 in Crossbows
  1185 | D:3      | Reached skill level 1 in Armour
  1185 | D:3      | Gained mutation: You are surrounded by a moderate repulsion field (EV +3). [demonic ancestry]
  1185 | D:3      | Reached XP level 4. HP: 18/32 MP: 4/4
  1185 | D:3      | Reached XP level 5. HP: 20/37 MP: 4/5
  1541 | D:3      | Paralysed by a potion of paralysis for 2 turns
  1541 | D:3      | Succumbed to poison (curare-tipped needle)

Action                   |  1- 3 |  4- 6 || total
-------------------------+-------+-------++-------
 Fire: Crossbow          |    83 |    10 ||    93
  Use: Potion            |     1 |     1 ||     2
